 Dungeon Crawl Stone Soup version 0.30.0-29-ga12c61a403 (webtiles) character file.

Game seed: 2693104865910559739

55 GimliDwarf the Gusty (level 3, 0/19 HPs)
             Began as a Tengu Air Elementalist on June 7, 2023.
             Killed from afar by Natasha (7 damage)
             ... with a magic dart
             ... on level 2 of the Dungeon.
             The game lasted 00:05:14 (1801 turns).

GimliDwarf the Gusty (Tengu Air Elementalist)       Turns: 1801, Time: 00:05:14

Health: 0/19       AC:  2    Str:  8    XL:     3   Next: 93%
Magic:  1/7        EV: 12    Int: 17    God:
Gold:   121        SH:  0    Dex: 14    Spells: 4/7 levels left

rFire   . . .        k - +0 glaive
rCold   . . .        (shield currently unavailable)
rNeg    . . .        a - +0 robe
rPois   +            (helmet restricted)
rElec   .            (no cloak)
rCorr   .            (no gloves)
SInv    .            (boots unavailable)
Will    .....        l - amulet of regeneration
Stlth   ++           n - ring of poison resistance
HPRegen 1.03/turn    (no ring)
MPRegen 0.10/turn

%: no passive effects
@: no status effects
A: beak, talons 3
a: no special abilities


You were on level 2 of the Dungeon.
You visited 1 branch of the dungeon, and saw 2 of its levels.

You collected 121 gold pieces.

Inventory:

Hand Weapons
 k - a +0 glaive (weapon)
Armour
 a - a +0 robe (worn)
Magical Staves
 o - a staff of death
Jewellery
 l - an amulet of regeneration (around neck)
 n - a ring of poison resistance (left hand)
Scrolls
 e - 2 scrolls of immolation {unknown}
 f - a scroll of fog {unknown}
 g - a scroll of brand weapon {unknown}
 i - a scroll of identify {unknown}
Potions
 b - a potion of magic
 c - a potion of berserk rage {unknown}
 d - a potion of mutation {unknown}
 h - a potion of lignification {unknown}
 j - a potion of cancellation {unknown}
 m - a potion of haste {unknown}


   Skills:
 - Level 2.1 Dodging
 - Level 2.0 Stealth
 + Level 2.5 Spellcasting
 * Level 2.8 Conjurations
 + Level 5.1 Air Magic


You had 4 spell levels left.
You knew the following spells:

 Your Spells              Type           Power      Damage    Failure   Level
a - Shock                 Conj/Air       60%        1d6       3%          1
b - Static Discharge      Conj/Air       30%        2-4/arc   5%          2

Your spell library contained the following spells:

 Spells                   Type           Power      Damage    Failure   Level
 Swiftness                Air            19%        N/A       7%          3
 Airstrike                Air            9%         2d(2-18)  22%         4


Dungeon Overview and Level Annotations

Branches:
Dungeon (2/15)

Altars:

Annotations:
D:2 Natasha, Sigmund


Innate Abilities, Weirdness & Mutations

You have a beak for a mouth.
You have claws for feet.


Message History

Natasha is lightly wounded.
Aiming: Shock (safe; 3% risk of failure)
Press: ? - help, Q - select action, (/) - cycle Shift-Dir - straight line, f/p - Natasha
Aim: Natasha (lightly wounded, 64% to hit)
The zap hits Natasha but does no damage.
Natasha is lightly wounded.
Aiming: Shock (safe; 3% risk of failure)
Press: ? - help, Q - select action, (/) - cycle Shift-Dir - straight line, f/p - Natasha
Aim: Natasha (lightly wounded, 64% to hit)
The zap hits Natasha.
Natasha is moderately wounded.
Aiming: Shock (safe; 3% risk of failure)
Press: ? - help, Q - select action, (/) - cycle Shift-Dir - straight line, f/p - Natasha
Aim: Natasha (moderately wounded, 64% to hit)
The zap hits Natasha.
Natasha is heavily wounded.
Aiming: Shock (safe; 3% risk of failure)
Press: ? - help, Q - select action, (/) - cycle Shift-Dir - straight line, f/p - Natasha
Aim: Natasha (heavily wounded, 64% to hit)
The zap hits Natasha but does no damage.
Natasha is heavily wounded.
Natasha claws you.
Aiming: Shock (safe; 3% risk of failure)
Press: ? - help, Q - select action, (/) - cycle Shift-Dir - straight line, p - Natasha The zap hits Natasha.
Natasha is severely wounded.
Natasha misses you.
Aiming: Shock (safe; 3% risk of failure)
Press: ? - help, Q - select action, (/) - cycle Shift-Dir - straight line The zap hits Natasha.
Natasha is almost dead.
Natasha casts a spell at you. The magic dart hits you!
Natasha attacks as you move away! Natasha misses you.
Natasha attacks as you move away! Natasha claws you.
* * * LOW HITPOINT WARNING * * *
Natasha attacks as you move away! Natasha closely misses you.
Natasha casts a spell at you. The magic dart hits you!
You die...

..# # # #.# .#. #..
#.# #.# #.# #.# #.#
#.# #.# ###>### #.#
#####.###.....# #.#
..............######.#
................@.h..#
##..#.##......########
##............#
##.##.##.######
......##.# ##.......#
#########


You could see Natasha.

Vanquished Creatures
  An adder (D:2)
  A worm (D:2)
  A dart slug (D:1)
  3 orcs (D:2)
  2 ball pythons (D:1)
  6 endoplasms
  6 goblins
  4 hobgoblins
  A quokka (D:1)
  A bat (D:1)
  4 kobolds
  3 rats (D:1)
33 creatures vanquished.

Notes
Turn   | Place    | Note
-------+----------+-------------------------------------------
     0 | D:1      | GimliDwarf the Tengu Air Elementalist began the quest for
                  | the Orb.
     0 | D:1      | Reached XP level 1. HP: 10/10 MP: 4/4
   410 | D:1      | Reached XP level 2. HP: 15/15 MP: 1/6
   414 | D:1      | Learned a level 2 spell: Static Discharge
   993 | D:2      | Noticed Sigmund
  1111 | D:2      | Reached XP level 3. HP: 19/19 MP: 4/7
  1362 | D:2      | Reached skill level 5 in Air Magic
  1790 | D:2      | Noticed Natasha
  1801 | D:2      | Killed from afar by Natasha

Illustrated notes

Levels and vault maps discovered:
D:1:      spicycebolla_arrival_ecumenical, layout_rooms, minmay_tromino_v7
D:2:      layout_loops_ring, guppyfry_early_orc_mine, uniq_sigmund, uniq_natasha

Skill      XL: |  1  2  3 |
---------------+----------+-----
Conjurations   | 2 |  2.8
Air Magic      | 5 |  5.1
Dodging        | |  2.1
Stealth        | |  2.0
Spellcasting   | |  2.5

Action                     || total
---------------------------++-------
   Cast: Shock             ||    89
  Dodge: Dodged            ||     8
